 Dungeon Crawl Stone Soup version 0.31-a0-246-g8cbcc1cb85 (webtiles) character file.

Game seed: 11660262519202344928

39 HallandMoats the Trooper (level 3, 0/8 HPs)
             Began as a Demonspawn Fighter on July 12, 2023.
             Succumbed to an adder's poison
             ... on level 3 of the Dungeon.
             The game lasted 00:02:33 (1491 turns).

HallandMoats the Trooper (Demonspawn Fighter)       Turns: 1491, Time: 00:02:34

Health: 0/8        AC:  4    Str: 18    XL:     3   Next: 28%
Magic:  3/3        EV: 11    Int:  9    God:
Gold:   67         SH:  4    Dex: 12    Spells: 2/2 levels left

rFire   . . .        a - +0 war axe
rCold   . . .        c - +0 buckler
rNeg    . . .        b - melded +0 scale mail
rPois   .            (no helmet)
rElec   .            (no cloak)
rCorr   .            (no gloves)
SInv    .            (no boots)
Will    .....        (no amulet)
Stlth   +            p - +4 ring of protection
HPRegen 0.21/turn    (no ring)
MPRegen 0.08/turn

%: no passive effects
@: lethally poisoned (0 -> -2), maw-form
A: devouring maw, reduced hp, weakness stinger 1
a: no special abilities


You were on level 3 of the Dungeon.
You were a creature with a mouth for a stomach.
You visited 1 branch of the dungeon, and saw 3 of its levels.

You collected 67 gold pieces.

Inventory:

Hand Weapons
 a - a +0 war axe (weapon)
Missiles
 n - a throwing net
Armour
 b - a +0 scale mail (melded)
 c - a +0 buckler (worn)
Jewellery
 p - a +4 ring of protection (left hand)
Talismans
 h - a beast talisman
 m - a maw talisman
Scrolls
 f - a scroll of fear {unknown}
 g - a scroll of vulnerability {unknown}
 j - a scroll of blinking {unknown}
 k - a scroll of immolation {unknown}
 l - a scroll of enchant armour {unknown}
 o - 3 scrolls of identify {unknown}
Potions
 d - 2 potions of might
 e - a potion of haste {unknown}
 i - a potion of brilliance {unknown}


   Skills:
 * Level 3.6 Fighting
 * Level 2.5 Axes
 - Level 2.6 Armour
 + Level 3.0 Shields


You had 2 spell levels left.
You didn't know any spells.
Your spell library contained the following spells:

 Spells                   Type           Power      Damage    Failure   Level
 Foxfire                  Conj/Fire      0%         2x1d4     45%         1
 Plasma Beam              Fire/Air       0%         2x1d10    100%        6
 Starburst                Conj/Fire      0%         6d3       100%        6


Dungeon Overview and Level Annotations

Branches:
Dungeon (3/15)

Altars:


Innate Abilities, Weirdness & Mutations

You are a creature with a mouth for a stomach.
Your midsection houses a second, enormous mouth.
Your maximum health is decreased, since you lack skill for your form.
You have a small tail.


Message History

Found an orcbow.
You see here a +0 orcbow.
o - a scroll labelled NAH JOHUANWEI
Found a spear.
p - a +4 ring of protection
o - 2 scrolls labelled NAH JOHUANWEI (gained 1)
You now have 67 gold pieces (gained 14).
p - a +4 ring of protection (left hand)
You see here a +0 orcbow.
There is a stone staircase leading down here.
o - 3 scrolls labelled NAH JOHUANWEI (gained 1) Done exploring.
Done exploring.
Done exploring.
Done exploring.
There is a stone staircase leading down here.
You climb downwards.
There is a stone staircase leading up here.
An adder comes into view.
The adder hisses angrily.
An adder is nearby!
An adder is nearby!
An adder is nearby!
The adder bites you.
You are poisoned.
The adder poisons you!
You miss the adder. You tail-slap the adder.
The adder is moderately wounded.
You feel sick. The adder closely misses you. x2
You miss the adder. You bite the adder.
The adder is heavily wounded.
You feel sick. The adder barely misses you. The adder bites you.
* * * LOW HITPOINT WARNING * * *
You closely miss the adder. You bite the adder.
The adder is severely wounded.
* * * LOW HITPOINT WARNING * * *
You feel sick. The adder barely misses you. The adder misses you.
You miss the adder.
The adder is severely wounded.
You die...

#.# #.# #.#
#.# #.# #.#
#.## #.#
##....###.##
......SW...#
#####.######
#


You could see an adder.

Vanquished Creatures
  A worm (D:2)
  A dart slug (D:2)
  4 ball pythons
  5 bats
  6 endoplasms
  A giant cockroach (D:2)
  A goblin (D:2)
  5 hobgoblins
  A kobold (D:2)
  A quokka (D:1)
  3 frilled lizards
29 creatures vanquished.

Notes
Turn   | Place    | Note
-------+----------+-------------------------------------------
     0 | D:1      | HallandMoats the Demonspawn Fighter began the quest for the
                  | Orb.
     0 | D:1      | Reached XP level 1. HP: 18/18 MP: 1/1
   359 | D:1      | Gained mutation: You have a small tail. [demonic ancestry]
   359 | D:1      | Reached XP level 2. HP: 24/24 MP: 2/2
   966 | D:2      | Reached XP level 3. HP: 29/29 MP: 3/3
  1491 | D:3      | Succumbed to an adder's poison

Illustrated notes

Levels and vault maps discovered:
D:1:      nagdon_arrival_double_spiral, layout_basic
D:2:      layout_basic, minmay_tromino_i4
D:3:      layout_basic, uniq_crazy_yiuf_cottage

Skill      XL: |  1  2 |
---------------+-------+-----
Axes           | 2 |  2.5
Shields        | 3 |  3.0
Fighting       | |  3.6
Armour         | |  2.6

Action                     || total
---------------------------++-------
  Melee: War axe           ||    83
         Tailslap          ||     5
         Maw               ||     3
 Armour: Scale mail        ||    52
  Dodge: Dodged            ||    40
  Block: Buckler           ||    17
   Form: Beast             ||     1
         Maw               ||     1

Table legend: (Time is in decaauts)
 A = Elapsed time spent in this place.
 B = Non-inter-level travel time spent in this place.
 C = Inter-level travel time spent in this place.
 D = Time resting spent in this place.
 E = Time spent auto-exploring this place.
 F = Levels seen in this place.
 G = Mean time per level.
                   A        B        C        D        E       F      G
               +--------+--------+--------+--------+--------+-----+--------+
         Total |   1525 |   1431 |     94 |     65 |   1036 |   3 |  508.3 |
       Dungeon |   1525 |   1431 |     94 |     65 |   1036 |   3 |  508.3 |
               +--------+--------+--------+--------+--------+-----+--------+

Top non-repeatable levels by time:
     D:2: 765 daAuts
     D:1: 738 daAuts
     D:3: 21 daAuts
